 Dungeon Crawl Stone Soup version 0.29-a0-330-g52719c12eb (webtiles) character file.

Game seed: 8549691673045236167

5135 ketsa the Fighter (level 10, -21/80 HPs)
             Began as a Djinni Conjurer on May 30, 2022.
             Was an Initiate of Yredelemnul.
             Demolished by a komodo dragon (26 damage)
             ... on level 8 of the Dungeon.
             The game lasted 00:53:48 (8952 turns).

ketsa the Fighter (Djinni Conjurer)                 Turns: 8952, Time: 00:53:49

Health: -21/80     AC:  2    Str:  6    XL:     10   Next: 89%
Gold:   489        EV: 12    Int: 30    God:    Yredelemnul [......] SH:  0 Dex: 12

rFire   + . .      SeeInvis .   r - +1 short sword (venom)
rCold   x . .      Faith    .   (no shield)
rNeg    . . .      Spirit   .   a - +0 robe
rPois   ∞          Reflect  .   (no helmet)
rElec   .          Harm     .   (no cloak)
rCorr   .          Rampage  .   (no gloves)
Will    +....                   (boots unavailable)
Stlth   +++.......              k - amulet of regeneration
HPRegen 1.03/turn               q - ring of Jed Vaem {rPois rF- MP+9 Stlth+}
MPRegen 0.00/turn               E - +6 ring of intelligence

@: flying
A: sickness immunity, fire resistance 2, cold vulnerability 1, float, innate
caster, HP casting, extra vitality 1
a: Renounce Religion, Recall Undead Harvest


You were on level 8 of the Dungeon.
You worshipped Yredelemnul.
Yredelemnul was noncommittal.
You visited 3 branches of the dungeon, and saw 11 of its levels.

You collected 489 gold pieces.

Inventory:

Hand Weapons
 r - a +1 short sword of venom (weapon)
 w - a +2 dagger of chaos
 y - a +2 hunting sling of freezing
 C - a +1 vorpal mace
 D - a +0 dagger of venom
Missiles
 m - 2 boomerangs
 H - 6 silver javelins
Armour
 a - a +0 robe (worn)
 z - a +0 pair of boots
Jewellery
 c - an amulet of the acrobat
 k - an amulet of regeneration (around neck)
 q - the ring of Jed Vaem (left hand) {rPois rF- MP+9 Stlth+}
   (You found it on level 3 of the Dungeon)

   [ring of magical power]

   rF:        It makes you vulnerable to fire.
   rPois:     It protects you from poison.
   MP:        It affects your magic capacity (+9).
   Stlth:     It makes you more stealthy.
 E - a +6 ring of intelligence (right hand)
Wands
 u - a wand of flame (52)
 F - a wand of iceblast (10)
Scrolls
 e - a scroll of holy word
 g - a scroll of immolation {unknown}
 h - 2 scrolls of magic mapping {unknown}
 n - a scroll of teleportation {unknown}
 o - 2 scrolls of silence {unknown}
 p - a scroll of fear {unknown}
 t - a scroll of vulnerability {unknown}
 v - a scroll of fog {unknown}
 A - a scroll of enchant weapon {unknown}
 B - 2 scrolls of enchant armour
 G - a scroll of blinking {unknown}
Potions
 b - 3 potions of attraction
 d - a potion of berserk rage
 f - 2 potions of might
 i - a potion of heal wounds
 j - 2 potions of brilliance
 l - 2 potions of mutation
 s - 11 potions of curing
 x - 2 potions of lignification {unknown}
Miscellaneous
 I - a tin of tremorstones (2/2)


   Skills:
 + Level 10.2 Fighting
 - Level 2.4 Dodging
 - Level 1.8 Stealth
 + Level 8.6 Spellcasting
 - Level 3.5 Invocations
 + Level 2.7 Evocations


You had 4 spell levels left.
You knew the following spells:

 Your Spells              Type           Power      Damage    Failure   Level
a - Magic Dart            Conj           100%       1d8       1%          1
b - Searing Ray           Conj           100%       2d8       1%          2
c - Dazzling Flash        Conj/Hex       100%       N/A       1%          3
d - Fulminant Prism       Conj/Hex       30%        3d16      1%          4
e - Iskenderun's Mystic   Conj/Tloc      60%        2d13      1%          4
f - Sting                 Tmut/Pois      100%       1d8       1%          1
g - Ensorcelled Hibernat  Hex/Ice        100%       N/A       1%          2
h - Static Discharge      Conj/Air       60%        N/A       1%          2
i - Confusing Touch       Hex            60%        N/A       1%          3
Your spell library was empty.

Dungeon Overview and Level Annotations

Branches:
Dungeon (9/15)             Temple (1/1) D:5            Lair (1/6) D:8
    Orc: D:9-12

Altars:
Ashenzari
Cheibriados
Dithmenos
Elyvilon
Fedhas
Gozag
Hepliaklqana
Kikubaaqudgha
Makhleb
Nemelex Xobeh
Okawaru
Qazlal
Ru
Sif Muna
Trog
Wu Jian
Xom
Yredelemnul
Zin
The Shining One

Annotations:
D:5 exclusion: downstairs
D:8 2 transporters, Tribosh's ghost, novice FoFi


Innate Abilities, Weirdness & Mutations

You are immune to sickness and miasma.
You are immune to poison.
Your flesh is very heat resistant. (rF++)
You are vulnerable to cold. (rC-)
You float through the air rather than walking.
You learn spells naturally, not from books.
Your magical power is your life essence.
You have superior vitality. (+4 MHP)


Message History

The komodo dragon closely misses you.
There is a staircase back to the Dungeon here.
Casting: Magic Dart (safe; 1% risk of failure)
Confirm with . or Enter, or press ? or * to list all spells.
Casting: Dazzling Flash (safe; 1% risk of failure)
Press: ? - help, Dir - look around, f - activate The komodo dragon is dazzled.
The wolf bites you. x2
The komodo dragon closely misses you.
Casting: Dazzling Flash (safe; 1% risk of failure)
Confirm with . or Enter, or press ? or * to list all spells.
Casting: Dazzling Flash (safe; 1% risk of failure)
Press: ? - help, Dir - look around, f - activate The komodo dragon is dazzled.
The wolf barely misses you. The komodo dragon barely misses you.
The wolf bites you! The wolf bites you!
* * * LOW HITPOINT WARNING * * *
The komodo dragon barely misses you.
You fly upwards.
Welcome back to the Dungeon!
Level annotation: 2 transporters, Tribosh's ghost, novice FoFi
There is a staircase to the Lair here.
As you read the scroll labelled FOINUU XAUGRUJI, it crumbles to dust.
You speak a Word of immense power!
Yredelemnul forgives your inadvertent holy act, just this once.
It was a scroll of holy word.
The wolf completely misses you. The wolf bites you.
Casting: Dazzling Flash (safe; 1% risk of failure)
Confirm with . or Enter, or press ? or * to list all spells.
Your hands begin to glow red.
* * * LOW HITPOINT WARNING * * *
The wolf bites you.
* * * LOW HITPOINT WARNING * * *
The komodo dragon misses you. The wolf bites you!
* * * LOW HITPOINT WARNING * * *
You closely miss the wolf. The wolf bites you!
* * * LOW HITPOINT WARNING * * *
The wolf closely misses you.
You hit the wolf but do no damage.
The wolf appears confused.
The komodo dragon bites you!!
You die...
Your body rises from the dead as a mindless zombie.

####### ####.....#
###.........
#...........
########...........
##PPPPP###.>........
#PPPP...##..........
#.l.....##..........
#..@h?....##........
#.........##........
#.........###.......
#........## ##......
#........# #......
#PP.....## ##....#
###PP.....# ##.###
#.##.....## ###
#.###...##


You could see a komodo dragon (blind) and a wolf (confused).

Vanquished Creatures
  A manticore (D:8)
  A komodo dragon (D:8)
  A troll (D:6)
  A yak (D:8)
  Menkaure (D:6)
  A water moccasin (D:8)
  2 orc warriors
  3 ice beasts
  2 black bears
  4 wolves (Lair:1)
  4 centaurs
  2 phantoms
  A gnoll sergeant (D:6)
  A bullfrog (D:6)
  A necrophage (D:6)
  3 kobold brigands
  5 scorpions
  4 killer bees (D:9)
  2 howler monkeys (D:9)
  4 crimson imps (D:7)
  A black bear zombie (D:7)
  A centaur zombie (D:8)
  A hound (D:6)
  3 orc priests
  A gnoll shaman (D:7)
  2 iguanas
  A jelly (D:6)
  2 orc wizards
  A scorpion zombie (D:6)
  A howler monkey zombie (D:9)
  5 gnolls
  7 adders
  2 shadow imps
  An ufetubus (D:5)
  An adder zombie (D:6)
  A spectral shadow imp (D:7)
  A worm (D:4)
  2 dart slugs
  24 orcs
  9 ball pythons
  5 bats
  7 endoplasms
  9 giant cockroaches
  4 goblins
  4 hobgoblins
  2 quokkas
  4 frilled lizards
  14 kobolds
  A kobold zombie (D:9)
  4 rats
165 creatures vanquished.

Vanquished Creatures (collateral kills)
  3 wyverns
  2 yaks (D:8)
  An ogre (D:6)
  A bullfrog (D:7)
  A howler monkey (D:9)
  An orc wizard (D:9)
  2 adders (D:4)
  6 orcs
  A kobold (D:2)
  A frilled lizard (D:2)
19 creatures vanquished.

Vanquished Creatures (others)
  A wyvern zombie (D:9)
  2 yak zombies (D:8)
  A spectral ice beast (D:6)
  A bullfrog zombie (D:6)
  2 centaur zombies
  A killer bee zombie (D:9)
  2 kobold zombies
  2 howler monkey zombies (D:9)
  A spectral jelly (D:6)
  6 orc zombies
  43 fulminant prisms
  A fungus (Lair:1)
  37 plants
100 creatures vanquished.

Grand Total: 284 creatures vanquished

Notes
Turn   | Place    | Note
-------+----------+-------------------------------------------
     0 | D:1      | ketsa the Djinni Conjurer began the quest for the Orb.
     0 | D:1      | Reached XP level 1. HP: 15/15 MP: 0/0
   306 | D:1      | Reached XP level 2. HP: 18/21 MP: 0/0
   841 | D:1      | Reached skill level 1 in Fighting
   841 | D:1      | Reached XP level 3. HP: 26/27 MP: 0/0
   841 | D:1      | Learned a level 1 spell: Sting
  1021 | D:1      | Found a faded altar of an unknown god.
  1027 | D:1      | Prayed at the altar of an unknown god.
  1027 | D:1      | Became a worshipper of Yredelemnul the Dark
  1027 | D:1      | Reached * piety under Yredelemnul
  1536 | D:2      | Reached XP level 4. HP: 28/33 MP: 0/0
  1752 | D:2      | Reached skill level 2 in Fighting
  1823 | D:2      | Reached ** piety under Yredelemnul
  2281 | D:3      | Found an ornate altar of the Wu Jian Council.
  2290 | D:3      | Found a stormy altar of Qazlal.
  2295 | D:3      | Found a bloodstained altar of Trog.
  2397 | D:3      | Found a glowing silver altar of Zin.
  2457 | D:3      | Identified the ring of Jed Vaem {rPois rF- MP+9 Stlth+}
  2656 | D:3      | Reached XP level 5. HP: 39/39 MP: 0/0
  2656 | D:3      | Learned a level 2 spell: Ensorcelled Hibernation
  2926 | D:4      | Found an opulent altar of Gozag.
  3244 | D:4      | Found a sacrificial altar of Ru.
  3349 | D:4      | Reached skill level 3 in Fighting
  3480 | D:5      | Entered Level 5 of the Dungeon
  3495 | D:5      | Noticed a phantom
  3542 | D:5      | Noticed a black bear
  3779 | D:5      | Found a staircase to the Ecumenical Temple.
  3782 | D:5      | Reached XP level 6. HP: 45/46 MP: 0/0
  3786 | Temple   | Entered the Ecumenical Temple
  4061 | D:5      | Noticed an ice beast
  4116 | D:5      | Reached skill level 4 in Fighting
  4196 | D:5      | Reached XP level 7. HP: 52/53 MP: 0/0
  4196 | D:5      | Learned a level 2 spell: Static Discharge
  4899 | D:5      | Reached skill level 5 in Spellcasting
  4982 | D:5      | Reached skill level 5 in Fighting
  5004 | D:6      | Noticed Menkaure
  5204 | D:6      | Reached XP level 8. HP: 59/60 MP: 0/0
  5238 | D:6      | Reached skill level 6 in Fighting
  5646 | D:6      | Killed Menkaure
  5647 | D:6      | Reached skill level 7 in Fighting
  5647 | D:6      | Reached XP level 9. HP: 65/68 MP: 0/0
  5647 | D:6      | Learned a level 3 spell: Confusing Touch
  5685 | D:6      | Found an iron altar of Okawaru.
  6228 | D:6      | Found a shadowy altar of Dithmenos.
  6397 | D:6      | Noticed a troll
  6410 | D:6      | Killed a troll
  6411 | D:6      | Reached skill level 8 in Fighting
  6698 | D:7      | Identified the +9 hand axe "Jig Qacw" {freeze, rF++ Will++
                  | Int-2}
  6933 | D:7      | Found a shimmering altar of Xom.
  7194 | D:7      | Reached skill level 9 in Fighting
  7203 | D:7      | Found a burning altar of Makhleb.
  7420 | D:8      | Found a transporter.
  7423 | D:8      | Noticed Tribosh's ghost (novice FoFi)
  7426 | D:8      | Noticed a centaur warrior
  7515 | D:8      | Found a transporter.
  7568 | D:8      | Reached XP level 10. HP: 78/78 MP: 0/0
  7631 | D:8      | Reached skill level 1 in Invocations
  7767 | D:8      | Noticed a manticore
  7774 | D:8      | Killed a manticore
  7974 | D:8      | Found a staircase to the Lair.
  7975 | D:8      | Noticed a komodo dragon
  7989 | D:8      | Killed a komodo dragon
  8320 | Lair:1   | Entered Level 1 of the Lair of Beasts
  8343 | Lair:1   | Reached skill level 1 in Evocations
  8343 | Lair:1   | Noticed a komodo dragon
  8426 | D:9      | Noticed a kobold demonologist
  8426 | D:9      | Noticed a kobold demonologist
  8428 | D:9      | Noticed a kobold demonologist
  8431 | D:9      | Reached skill level 10 in Fighting
  8432 | D:9      | Noticed a soul eater
  8951 | D:8      | HP: 4/80 [wolf (11)]
  8952 | D:8      | Demolished by a komodo dragon

Illustrated notes

Levels and vault maps discovered:
D:1:      ebering_trefoil_3fold, layout_basic, chequers_ecumenical_altar_lobes,
          minmay_tetromino_i2
D:2:      layout_basic
D:3:      layout_loops_ring, mainiacjoe_overflow_concentric_impassable,
          minmay_overflow_temple_star_quad, hangedman_abyss_or_decor_stabs,
          minivault_19, grunt_decor_mini_mirrors
D:4:      minmay_chambers_of_threes, layout_cave_pools, old_standard_altar,
          mainiacjoe_overflow_alcove_1
D:5:      layout_basic, minmay_temple_entry_hall, serial_bayou_ford_a
D:6:      layout_layer_cave, nicolae_overflow_hidden_temple,
          kennysheep_mini_moat, minmay_divided_ellipse, uniq_menkaure
D:7:      layout_gridville, led_xom_imps, general_overflow_altar
D:8:      layout_cave_pods, david_lair_shrubbed, gammafunk_ghost_arena,
          minmay_misc_feat_chi
D:9:      layout_basic, nicolae_uskayaw_dance_studio, special_room
          [special_room_bee]
Temple:   compressed_dpeg_circular_temple
Lair:1:   minmay_lair_venomous_thicket, layout_big_grid, serial_bayou_pond_c,
          uniq_joseph, uniq_amaemon

Skill      XL: |  1  2  3  4  5  6  7  8  9 10 |
---------------+-------------------------------+-----
Fighting       | 1 2 3 4 5 7 9 10 | 10.2
Spellcasting   | 4 5 6 7 8 |  8.6
Invocations    | 3 |  3.5
Evocations     | 2 |  2.7
Dodging        | |  2.4
Stealth        | |  1.8

Action                   |  1- 3 |  4- 6 |  7- 9 | 10-12 || total
-------------------------+-------+-------+-------+-------++-------
Melee: Short sword       |       |     8 |    47 |    21 ||    76
 Cast: Magic Dart        |    67 |   124 |    84 |    27 ||   302
       Searing Ray       |       |     4 |    25 |    11 ||    40
       Fulminant Prism   |       |       |    27 |    16 ||    43
       Ensorcelled Hiber |       |       |    10 |     4 ||    14
       Confusing Touch   |       |       |     6 |     2 ||     8
       Dazzling Flash    |       |       |     3 |     3 ||     6
       Iskenderun's Myst |       |       |       |     1 ||     1
Invok: Recall Undead Har |       |       |     1 |     3 ||     4
  Use: Scroll            |       |     9 |     3 |     2 ||    14
       Potion            |       |       |     1 |       ||     1
 Stab: Confused          |       |       |     1 |       ||     1
Armor: Robe              |       |     4 |     5 |     4 ||    13
Dodge: Dodged            |     5 |    32 |    47 |    34 ||   118

Table legend: (Time is in decaauts)
 A = Elapsed time spent in this place.
 B = Non-inter-level travel time spent in this place.
 C = Inter-level travel time spent in this place.
 D = Time resting spent in this place.
 E = Time spent auto-exploring this place.
 F = Levels seen in this place.
 G = Mean time per level.
                   A        B        C        D        E       F      G
               +--------+--------+--------+--------+--------+-----+--------+
         Total |   8953 |   8365 |    588 |   1108 |   4534 |  11 |  813.9 |
       Dungeon |   8828 |   8254 |    574 |   1108 |   4468 |   9 |  980.9 |
        Temple |     89 |     75 |     14 |      0 |     65 |   1 |   89.0 |
          Lair |     35 |     35 |      0 |      0 |      1 |   1 |   35.0 |
               +--------+--------+--------+--------+--------+-----+--------+

Top non-repeatable levels by time:
     D:6: 1396 daAuts
     D:5: 1357 daAuts
     D:8: 1293 daAuts
     D:2: 1106 daAuts
     D:1: 1078 daAuts
     D:7: 898 daAuts
     D:4: 812 daAuts
     D:3: 659 daAuts
     D:9: 224 daAuts
  Temple: 89 daAuts
  Lair:1: 35 daAuts
